 Dungeon Crawl Stone Soup version 0.23-a0-13-gb09bef45d9 (webtiles) character file.

2443 LLavrengius the Grappler (level 9, 0/92 HPs)
             Began as a Troll Transmuter on Aug 2, 2018.
             Was an Initiate of Ashenzari.
             Slain by an orc knight
             ... wielding a +0 broad axe
              (15 damage)
             ... in a bailey.
             The game lasted 00:27:15 (5840 turns).

LLavrengius the Grappler (Troll Transmuter)         Turns: 5840, Time: 00:27:16

Health: 0/92       AC:  7    Str: 22    XL:     9   Next: 25%
Magic:  11/11      EV: 12    Int: 10    God:    Ashenzari [......]
Gold:   347        SH:  0    Dex: 10    Spells: 11/12 levels left

rFire    . . .     SeeInvis .     - Unarmed
rCold    . . .     Gourm    +   (no shield)
rNeg     . . .     Faith    .   b - +1 robe
rPois    .         Spirit   .   (helmet restricted)
rElec    .         Reflect  .   C - +0 cloak
rCorr    .         Harm     .   (gloves unavailable)
MR       .....                  (boots unavailable)
Stlth    +.........             e - amulet of regeneration
HPRegen  1.05/turn              J - +2 ring of evasion (curse)
MPRegen  0.12/turn              t - ring of wizardry

@: no status effects
A: large, unfitting armour, claws 3, fast metabolism 3, gourmand, regeneration
1, shaggy fur 1, tough skin 2
a: Curse Item, Renounce Religion


You were in a bailey.
You worshipped Ashenzari.
Ashenzari was noncommittal.
You were very full.

You visited 2 branches of the dungeon, and saw 9 of its levels.
You also visited: Bailey.

You collected 431 gold pieces.
You spent 84 gold pieces at shops.

Inventory:

Hand Weapons
 A - a cursed +0 short sword
 N - the cursed +0 mace of Righteous Anger {drain, Fragile MP+9 Str+4}
   (You found it on level 7 of the Dungeon)

   A truly terrible weapon, it drains the life of those it strikes.
   It affects your strength (+4).
   It affects your magic capacity (+9).
   It will be destroyed if unequipped.
   It has a curse placed upon it.
Missiles
 a - 48 arrows
 E - 40 stones (quivered)
Armour
 b - a +1 robe (worn)
 C - a +0 cloak (worn)
Jewellery
 c - a +5 amulet of reflection
 e - an amulet of regeneration (around neck)
 q - an uncursed ring of resist corrosion
 t - a ring of wizardry (right claw)
 J - a cursed +2 ring of evasion (left claw)
Wands
 k - a wand of flame (24)
 l - a wand of paralysis (11)
 u - a wand of acid (11)
 D - a wand of disintegration (11)
 L - a wand of iceblast (9)
Scrolls
 i - 10 scrolls of identify {unknown}
 m - 6 scrolls of remove curse
 o - 2 scrolls of fear
 w - 3 scrolls of teleportation
 y - a scroll of vulnerability {unknown}
 z - 2 scrolls of amnesia
 K - a scroll of fog
Potions
 f - a potion of cancellation {unknown}
 g - a potion of might {unknown}
 h - 3 potions of curing {unknown}
 j - a potion of haste {unknown}
 n - 2 potions of mutation {unknown}
 p - 2 potions of brilliance {unknown}
 r - a potion of agility {unknown}
 s - 2 potions of lignification {unknown}
 v - a potion of berserk rage {unknown}
 x - a potion of ambrosia {unknown}
 B - a potion of invisibility {unknown}
 G - a potion of resistance {unknown}
 H - 3 potions of flight {unknown}
 I - a potion of heal wounds {unknown}
Comestibles
 d - 22 rations
 F - 6 chunks of flesh


   Skills:
 + Level 6.4 Fighting
 - Level 2.0 Dodging
 + Level 8.3 Unarmed Combat
 - Level 2.0 Spellcasting
 + Level 4.2 Transmutations


You had 11 spell levels left.
You knew the following spells:

 Your Spells              Type           Power        Failure   Level  Hunger
a - Beastly Appendage     Tmut           #.....       2%          1    ##.....

Your spell library contained the following spells:

 Spells                   Type           Power        Failure   Level  Hunger
 Magic Dart               Conj           #...         12%         1    ##.....
 Conjure Flame            Conj/Fire      #.......     34%         3    ####...
 Slow                     Hex            #.......     19%         2    ###....
 Mephitic Cloud           Conj/Pois/Air  #.......     34%         3    ####...
 Blink                    Tloc           N/A          19%         2    ###....
 Call Imp                 Summ           #.......     19%         2    ###....
 Spider Form              Tmut/Pois      #.........   16%         3    ####...
 Blade Hands              Tmut           #.........   50%         5    ######.
 Ice Form                 Ice/Tmut       #.......     45%         4    #####..
 Sticks to Snakes         Tmut           #.......     3%          2    ###....


Dungeon Overview and Level Annotations

Branches:
Dungeon (8/15)             Temple (1/1) D:5
   Lair: D:8-11

Altars:
Ashenzari
Dithmenos
Elyvilon
Fedhas
Gozag
Hepliaklqana
Makhleb
Nemelex Xobeh
Ru
Sif Muna
Trog
Uskayaw
Wu Jian
Xom
Yredelemnul
Zin
The Shining One

Shops:
D:7 %=:=*


Innate Abilities, Weirdness & Mutations

You are too large for most types of armour.
You have claws for hands.
Your metabolism is lightning-fast.
You like to eat raw meat.
Your natural rate of healing is unusually fast.
You are covered in fur. (AC +1)
You have very tough skin. (AC +2)


Message History

The kobold demonologist hits you with a battleaxe!
You closely miss the kobold demonologist.
The kobold demonologist hits you but does no damage.
You scratch the kobold demonologist but do no damage.
The orc knight hits you with a broad axe!!
You barely miss the kobold demonologist.
The kobold demonologist begins to cast a cantrip, but forgets the words!
The orc knight hits you with a broad axe!!
* * * LOW HITPOINT WARNING * * *
You barely miss the kobold demonologist.
The kobold demonologist looks satisfied for a moment.
You closely miss the kobold demonologist.
The orc knight hits you with a broad axe!
* * * LOW HITPOINT WARNING * * *
The kobold demonologist misses you.
The kobold demonologist barely misses you.
You barely miss the kobold demonologist.
The kobold demonologist casts a spell.
The orc knight hits you with a broad axe!
You die...

#≈≈≈≈≈≈.#......#....#?!#
#.≈≈≈≈≈.#......#....#!:#
..≈≈≈≈≈.#''#####....#..#
..≈≈≈≈))#.....##....#..#
........'.....##....# ##
........'..⌠..##.._.#
........'.....##....# ##
..≈≈≈≈≈.#.....##....#..#
..≈≈≈≈≈.#''#####@...#..#
#.≈≈≈≈≈.#......#Ko..#%%#
#≈≈≈≈≈≈.#......#.4..#%%#
#≈≈≈≈≈######.......#####
#.8.8.8.'....
#.......#....
#######'##### ... ≈≈≈≈


You could see an orc knight, a kobold demonologist and a red devil.

Vanquished Creatures
  A kobold demonologist (Bailey)
  Prince Ribbit (D:8)
  A hippogriff (D:7)
  A spriggan (D:7)
  A hungry ghost (D:8)
  Duvessa (D:4)
  A sky beast (D:6)
  2 orc warriors (Bailey)
  A bullfrog (D:7)
  Dowan (D:4)
  A scorpion (D:6)
  2 howler monkeys
  2 crimson imps (D:7)
  4 hounds
  Crazy Yiuf (D:7)
  3 orc priests
  2 orc wizards
  5 worker ants
  A hound skeleton (D:4)
  10 adders
  12 gnolls
  A howler monkey skeleton (D:7)
  2 shadow imps
  2 oozes
  An adder zombie (D:5)
  4 worms
  2 dart slugs
  4 leopard geckos
  27 orcs
  7 bats
  5 giant cockroaches
  12 goblins
  9 hobgoblins
  9 jackals
  3 quokkas
  4 frilled lizards
  A jackal skeleton (D:6)
  2 kobolds
  6 rats
  A fungus (D:7)
156 creatures vanquished.

Notes
Turn   | Place    | Note
-------+----------+-------------------------------------------
     0 | D:1      | LLavrengius the Troll Transmuter began the quest for the Orb.
     0 | D:1      | Reached XP level 1. HP: 18/18 MP: 1/1
   195 | D:1      | Reached skill level 1 in Fighting
   212 | D:1      | Reached XP level 2. HP: 27/27 MP: 3/3
   745 | D:2      | Reached XP level 3. HP: 30/33 MP: 4/4
  1115 | D:2      | Reached XP level 4. HP: 36/41 MP: 5/5
  1638 | D:2      | Found a shimmering altar of Xom.
  1803 | D:3      | Reached XP level 5. HP: 12/49 MP: 6/6
  1920 | D:3      | Reached skill level 4 in Unarmed Combat
  2498 | D:4      | Reached XP level 6. HP: 51/59 MP: 8/8
  2519 | D:4      | Found Ynnus's Food Boutique.
  2612 | D:4      | Noticed Duvessa
  2619 | D:4      | Noticed Dowan
  2622 | D:4      | Killed Duvessa
  2622 | D:4      | Reached skill level 5 in Unarmed Combat
  2627 | D:4      | Killed Dowan
  2703 | D:4      | Reached XP level 7. HP: 62/68 MP: 9/9
  2954 | D:4      | Found a sparkling altar of Nemelex Xobeh.
  3096 | D:5      | Entered Level 5 of the Dungeon
  3469 | D:5      | Found a staircase to the Ecumenical Temple.
  3590 | Temple   | Entered the Ecumenical Temple
  3794 | Temple   | Became a worshipper of Ashenzari the Shackled
  4102 | D:6      | Reached skill level 6 in Unarmed Combat
  4513 | D:7      | Found Nosoagepp's Assorted Antiques.
  4577 | D:7      | Found Sucup Leotze's Jewellery Shoppe.
  4580 | D:7      | Bought a cursed +2 ring of evasion for 84 gold pieces
  4690 | D:7      | Found Tuotsefo's Jewellery Emporium.
  4692 | D:7      | Reached skill level 5 in Fighting
  4692 | D:7      | Reached XP level 8. HP: 76/80 MP: 10/10
  4752 | D:7      | Reached skill level 7 in Unarmed Combat
  4807 | D:7      | Found Odwatoh's Book Boutique.
  5077 | D:7      | Noticed a hippogriff
  5089 | D:7      | Killed a hippogriff
  5143 | D:7      | Found Zeufioqu's Food Shoppe.
  5370 | D:7      | Found a runed door.
  5374 | D:7      | Noticed Crazy Yiuf
  5380 | D:7      | Killed Crazy Yiuf
  5386 | D:7      | Got the cursed mace of Righteous Anger {drain, Fragile MP+9 Str+4}
  5425 | D:8      | Reached * piety under Ashenzari
  5439 | D:8      | Noticed Prince Ribbit
  5469 | D:8      | Killed Prince Ribbit
  5486 | D:8      | Found a flagged portal.
  5517 | Bailey   | Entered a bailey
  5647 | Bailey   | Reached skill level 8 in Unarmed Combat
  5647 | Bailey   | Reached XP level 9. HP: 64/89 MP: 11/11
  5685 | Bailey   | Found an iron altar of Okawaru.
  5685 | Bailey   | Noticed a kobold demonologist
  5685 | Bailey   | Noticed a kobold demonologist
  5696 | Bailey   | Killed a kobold demonologist
  5716 | Bailey   | Noticed an orc knight
  5755 | Bailey   | Noticed a soul eater
  5767 | Bailey   | Noticed a red devil
  5768 | Bailey   | Noticed an orange demon
  5840 | Bailey   | Slain by an orc knight

Vault maps used:
D:1:      minmay_arrival_four_houses, minmay_misc_feat_alley, solitary_fountain,
          kennysheep_flooded_box, minmay_tromino_v2
D:2:      marbit_many_paths, first_ration, st_stairs_5
D:4:      serial_shops, kennysheep_mini_moat, lemuel_statue_altar, uniq_duvessa
D:5:      minmay_temple_entry_junction
D:7:      serial_shops, nicolae_shop_waterfront, nicolae_shop_trees,
          nicolae_shop_trees, nicolae_shop_statue_plus,
          nicolae_shop_behind_doors, the_bakery, uniq_crazy_yiuf_cottage
D:8:      nicolae_overflow_hidden_temple, kennysheep_little_box,
          lair_entry_dummy, enter_bailey_3, uniq_gastronok, uniq_prince_ribbit1
Temple:   regret_index_temple_generic_petals
Bailey:   bailey_axe_of_yendor_kennysheep, bailey

Skill      XL: |  1  2  3  4  5  6  7  8  9 |
---------------+----------------------------+-----
Fighting       | 1 2 3 5 6 |  6.4
Dodging        | 2 |  2.0
Transmutations | 2 3 4 |  4.2
Spellcasting   | 2 |  2.0
Unarmed Combat | 4 5 6 8 |  8.3

Action                   |  1- 3 |  4- 6 |  7- 9 || total
-------------------------+-------+-------+-------++-------
Melee: Unarmed           |    80 |   180 |   261 ||   521
       Punch             |     2 |     2 |     5 ||     9
  Use: Scroll            |       |     6 |     2 ||     8
 Stab: Sleeping          |     1 |       |     1 ||     2
  Eat: Chunk             |    12 |    18 |    34 ||    64
Armor: Robe              |    35 |    79 |    64 ||   178
Dodge: Dodged            |    64 |    89 |   119 ||   272

Table legend:
 A = Spawn XP
 B = Non-spawn XP
 C = Spawn XP percentage of total XP
 D = Spawn monster count
 E = Non-spawn monster count
 F = Spawn count percentage of total count
 G = Total turns spent on level
                    A         B        C        D         E        F      G
               +---------+---------+-------+---------+---------+-------+---------
         Total |       0 |    3490 |   0.0 |       0 |     155 |   0.0 |  5840
               +---------+---------+-------+---------+---------+-------+---------
           D:1 |       0 |      32 |   0.0 |       0 |      14 |   0.0 |   737
           D:2 |       0 |      88 |   0.0 |       0 |      21 |   0.0 |   967
           D:3 |       0 |     150 |   0.0 |       0 |      29 |   0.0 |   580
           D:4 |       0 |     531 |   0.0 |       0 |      19 |   0.0 |   812
           D:5 |       0 |      91 |   0.0 |       0 |      12 |   0.0 |   701
           D:6 |       0 |     436 |   0.0 |       0 |      17 |   0.0 |   432
           D:7 |       0 |     987 |   0.0 |       0 |      20 |   0.0 |   959
           D:8 |       0 |     461 |   0.0 |       0 |       6 |   0.0 |    95
        Bailey |       0 |     714 |   0.0 |       0 |      17 |   0.0 |   323
               +---------+---------+-------+---------+---------+-------+---------
